 Dungeon Crawl Stone Soup version 0.19-a0 (webtiles) character file.

105 varam the Ruffian (level 4, -7/38 HPs)
             Began as a Draconian Transmuter on Apr 27, 2016.
             Mangled by PeterLawrence's ghost (12 damage)
             ... on level 3 of the Dungeon.
             The game lasted 00:13:44 (3648 turns).

varam the Ruffian (Draconian Transmuter)            Turns: 3648, Time: 00:13:45

Health: -7/38      AC:  5    Str: 13    XL:     4   Next: 54%
Magic:  6/7        EV: 12    Int: 14    God:
Gold:   44         SH:  0    Dex: 11    Spells: 2 memorised, 4 levels left

rFire  . . .     SeeInvis .       - Unarmed
rCold  . . .     Gourm    .     (armour unavailable)
rNeg   . . .     Faith    .     (no shield)
rPois  .         Spirit   .     (helmet restricted)
rElec  .         Dismiss  .     (no cloak)
rCorr  .         Reflect  .     (no gloves)
SustAt .         Harm     .     (no boots)
MR     .....                    (no amulet)
Stlth  +.........               (no ring)
                                (no ring)

@: appendage (expiring), not resistant to hostile enchantments, very unstealthy
A: unfitting armour, horns 2, cold-blooded, AC +5
a: End Transformation


You were on level 3 of the Dungeon.
You were not hungry.
You had grown temporary horns.
You visited 1 branch of the dungeon, and saw 3 of its levels.

You collected 44 gold pieces.

Inventory:

Missiles
 a - 9 arrows
Scrolls
 e - a scroll of random uselessness {unknown}
 f - 2 scrolls of remove curse {unknown}
 h - 2 scrolls of fog {unknown}
Potions
 g - a potion of might {unknown}
Books
 b - a book of Changes

   Spells                             Type                      Level
   a - Beastly Appendage              Transmutation                1
   b - Sticks to Snakes               Transmutation                2
   c - Spider Form                    Transmutation/Poison         3
   d - Ice Form                       Ice/Transmutation            4
   e - Blade Hands                    Transmutation                5
Comestibles
 c - 2 bread rations
 d - 3 fruits
 i - a beef jerky
 j - 3 chunks of flesh


   Skills:
 + Level 3.1 Fighting
 - Level 1.7 Dodging
 + Level 3.7 Unarmed Combat
 - Level 2.0 Spellcasting
 + Level 3.2 Transmutations


You had 4 spell levels left.
You knew the following spells:

 Your Spells              Type           Power        Failure   Level  Hunger
a - Beastly Appendage     Trmt           ##....       10%         1    ##.....
b - Sticks to Snakes      Trmt           ##......     12%         2    ###....


Dungeon Overview and Level Annotations

Branches:
Dungeon (3/15)

Altars:
Fedhas
Yredelemnul
The Shining One

Annotations:
D:3 PeterLawrence's ghost, weakling MiFi


Innate Abilities, Weirdness & Mutations

Your plain brown scales are hard (AC +5).
Your body does not fit into most forms of armour.
You are cold-blooded and may be slowed by cold attacks.
You have a pair of horns on your head.


Message History

You hit PeterLawrence's ghost but do no damage.
Your tail-slap misses PeterLawrence's ghost.
PeterLawrence's ghost is lightly damaged.
PeterLawrence's ghost barely misses you.
You hit PeterLawrence's ghost but do no damage.
PeterLawrence's ghost is lightly damaged.
PeterLawrence's ghost closely misses you.
You barely miss PeterLawrence's ghost.
PeterLawrence's ghost is lightly damaged.
PeterLawrence's ghost hits you!
* * * LOW HITPOINT WARNING * * *
You closely miss PeterLawrence's ghost.
PeterLawrence's ghost is lightly damaged.
PeterLawrence's ghost closely misses you.
You hit PeterLawrence's ghost.
Your headbutt misses PeterLawrence's ghost.
PeterLawrence's ghost is lightly damaged.
Your transformation is almost over.
PeterLawrence's ghost hits you!
You die...

#####.# ...
#.....#########.#
#.#......)....#.#
#.#........#.##.#
#.########.#.##.#
#.....# #.#.##.#
#####.# #.#.##.#
#.# #.#.##.#
#######.####.#@##.#
#.........##.#.W..#
#.#####.#.######..#
#.# #.#... #..# #.#
... ... #### #.#
......... #.#
.........
#.###..........
###...# ......


You could see PeterLawrence's ghost.

Vanquished Creatures
  An orc priest (D:3)
  An adder (D:3)
  2 worms (D:2)
  2 dart slugs (D:1)
  3 giant geckos
  An orc (D:3)
  6 bats
  A giant cockroach (D:3)
  7 hobgoblins
  A ball python (D:2)
  4 giant newts
  11 goblins
  6 kobolds
  9 rats
55 creatures vanquished.

Vanquished Creatures (collateral kills)
  An orc (D:3)
1 creature vanquished.

Vanquished Creatures (others)
  A bat (D:1)
1 creature vanquished.

Grand Total: 57 creatures vanquished

Notes
Turn   | Place    | Note
--------------------------------------------------------------
     0 | D:1      | varam the Draconian Transmuter began the quest for the Orb.
     0 | D:1      | Reached XP level 1. HP: 16/16 MP: 3/3
   490 | D:1      | Reached XP level 2. HP: 7/24 MP: 3/5
  1575 | D:2      | Reached XP level 3. HP: 28/29 MP: 6/6
  2233 | D:2      | Found a blossoming altar of Fedhas.
  2396 | D:2      | Found a glowing golden altar of the Shining One.
  2398 | D:2      | Noticed an angel
  2487 | D:2      | Found a basalt altar of Yredelemnul.
  2708 | D:3      | Learned a level 2 spell: Sticks to Snakes
  3182 | D:3      | Reached XP level 4. HP: 8/38 MP: 5/7
  3612 | D:3      | Noticed PeterLawrence's ghost (weakling MiFi)
  3648 | D:3      | Mangled by PeterLawrence's ghost

Vault maps used:
D:1:      shiori_arrival_elements, hex_medium
D:2:      wad_pebble_path, grunt_temple_overflow_holy_war, fedhas_altar_1
D:3:      nicolae_overflow_hidden_temple

Skill      XL: |  1  2  3 |
---------------+----------+-----
Fighting       | 2 3 |  3.1
Transmutations | 3 |  3.2
Dodging        | |  1.7
Unarmed Combat | |  3.7
Spellcasting   | |  2.0

Action                   |  1- 3 |  4- 6 || total
-------------------------+-------+-------++-------
Melee: Unarmed           |   189 |    26 ||   215
       Kick              |    15 |     2 ||    17
       Tailslap          |    17 |     2 ||    19
       Headbutt          |     8 |     1 ||     9
       Punch             |       |     1 ||     1
 Cast: Beastly Appendage |    35 |     4 ||    39
       Sticks to Snakes  |     1 |     2 ||     3
  Eat: Chunk             |     8 |       ||     8
       Beef jerky        |       |     1 ||     1
Armor: Skin              |    50 |     4 ||    54
Dodge: Dodged            |   111 |    15 ||   126
